 Dungeon Crawl Stone Soup version 0.29.0-4-gdea44cf6ec (webtiles) character file.

Game seed: 6160351370809959213

63447 qw the Severer (level 15, -48/96 HPs)
             Began as a Gargoyle Fighter on Sept 9, 2022.
             Was a High Priest of Okawaru.
             Annihilated by a titanic slime creature (118 damage)
             ... on level 14 of the Dungeon.
             The game lasted 00:09:44 (20387 turns).

qw the Severer (Gargoyle Fighter)                  Turns: 20387, Time: 00:09:45

Health: -48/96     AC: 40    Str: 24    XL:     15   Next: 9%
Magic:  22/22      EV: 11    Int: 10    God:    Okawaru [*****.]
Gold:   1298       SH:  9    Dex:  9    Spells: 14/14 levels left

rFire   + + .      SeeInvis .   Y - +0 broad axe (chaos)
rCold   + . .      Faith    .   w - +2 buckler
rNeg    + . .      Spirit   .   b - +0 shadow dragon scales
rPois   inf        Reflect  .   (helmet restricted)
rElec   +          Harm     .   v - +1 cloak of Spite {rC+ Regen+ Str-5}
rCorr   .          Rampage  .   g - +2 pair of gloves
Will    +....                   t - +2 pair of boots
Stlth   ++++......              o - amulet of regeneration
HPRegen 1.86/turn               j - ring of protection from fire
MPRegen 0.18/turn               y - ring "Wolousy" {Fire Str+3}

@: heroic, flying
A: sickness immunity, AC +11, big wings, negative energy resistance 1,
electricity resistance, torment resistance 1, petrification resistance, antennae
1, cold resistance 1
a: Renounce Religion, Heroism, Finesse, Duel


You were on level 14 of the Dungeon.
You worshipped Okawaru.
Okawaru was extremely pleased with you.
You visited 2 branches of the dungeon, and saw 19 of its levels.

You collected 1760 gold pieces.
You spent 462 gold pieces at shops.


Innate Abilities, Weirdness & Mutations

You are immune to sickness and miasma.
Your stone body is resilient. (AC +11)
You are immune to poison.
Your large and strong wings let you fly.
You resist negative energy. (rN+)
You are resistant to electric shocks. (rElec)
You are resistant to unholy torment.
You are immune to petrification.
You have a pair of small antennae on your head.
Your flesh is cold resistant. (rC+)


   Skills:
 - Level 12.0(17.0) Fighting
 - Level 16.0(21.0) Axes
 - Level 6.0(11.0) Throwing
 + Level 11.8(16.8) Armour
 - Level 3.1(8.1) Dodging
 - Level 8.0(13.0) Shields
 - Level 10.0 Invocations


You had 14 spell levels left.
You didn't know any spells.
Your spell library was empty.

Inventory:

Hand Weapons
 l - a +1 war axe of flaming
 Y - a +0 broad axe of chaos (weapon)
Missiles
 c - 7 javelins (quivered)
Armour
 b - +0 shadow dragon scales (worn)
 g - a +2 pair of gloves (worn)
 s - the +3 buckler "Budisoul" {-Tele rElec rPois rF+++}
   (Okawaru gifted it to you on level 5 of the Lair of Beasts)

   rF:        It renders you almost immune to fire.
   rElec:     It insulates you from electricity.
   rPois:     It protects you from poison.
   -Tele:     It prevents most forms of teleportation.
 t - a +2 pair of boots (worn)
 v - the +1 cloak of Spite (worn) {rC+ Regen+ Str-5}
   (Okawaru gifted it to you on level 10 of the Dungeon)

   Str:       It affects your strength (-5).
   rC:        It protects you from cold.
   Regen:     It increases your rate of health regeneration.
 w - a +2 buckler (worn)
Jewellery
 j - a ring of protection from fire (left hand)
 o - an amulet of regeneration (around neck)
 y - the ring "Wolousy" (right hand) {Fire Str+3}
   (You found it on level 5 of the Lair of Beasts)

   [ring of fire]

   It enhances your fire magic.
   Str:       It affects your strength (+3).
   rF:        It protects you from fire.
   rC:        It makes you vulnerable to cold.
Scrolls
 a - 12 scrolls of teleportation
 i - 15 scrolls of identify
 q - 5 scrolls of blinking
Potions
 d - 4 potions of might
 e - 13 potions of curing
 f - 5 potions of lignification
 h - 4 potions of mutation
 k - 7 potions of heal wounds
 m - a potion of attraction
 n - 5 potions of haste
 p - a potion of magic

Dungeon Overview and Level Annotations

Branches:
Dungeon (14/15)            Temple (0/1) D:4            Lair (5/5) D:10
  Swamp (0/4) Lair:2       Spider (0/4) Lair:2        Slime (0/5) Lair:5
    Orc (0/2) D:10         Vaults (0/5) D:13

Altars:
Ashenzari
Cheibriados
Makhleb
Okawaru
Qazlal
Ru
Sif Muna
Uskayaw
Vehumet
Wu Jian
Xom
Jiyva

Shops:
D:1 ?   D:3 (   D:4 :   D:8 *   D:10 [

Annotations:
D:13 1 transporter, Osopim's ghost, journeyman MiBe
Lair:2 3 runed translucent doors, qw's ghost, journeyman TrCA


Message History

The silver javelin pierces through the slime creature!!
The slime creature is heavily wounded.
A slime creature comes into view. x2
20374 ||| INVOKING Heroism.
You gain the combat prowess of a mighty hero.
A slime creature comes into view.
A slime creature comes into view.
The slime creature quivers. x2
You slice the slime creature!! You freeze the slime creature.
The slime creature is heavily wounded.
You slash the slime creature!
The slime creature is almost dead.
The slime creature hits you but does no damage.
Two slime creatures merge to form a large slime creature.
You slice the slime creature!!
You kill the slime creature!
Okawaru accepts your kill.
Two slime creatures merge to form a large slime creature.
Two slime creatures merge to form a very large slime creature.
You slash the large slime creature!
The large slime creature is moderately wounded.
The large slime creature barely misses you.
You slice the large slime creature!! You drain the large slime creature!
The large slime creature is severely wounded.
You hit the large slime creature but do no damage.
The large slime creature flickers and vanishes!
Deactivating autopickup; reactivate with Ctrl-A.
Something hits you!
You completely miss something.
A very large slime creature merges with something you can't see.
You slash something!
Nothing appears to happen.
Something hits you but does no damage.
You completely miss something. Something hits you.
You slash something! You burn something. Something hits you!!
You slash something!
Nothing appears to happen.
Something hits you!!!!
Ouch! That really hurt!
You die...

####### #.....# #.....###
#.....'.#
#...?.#.######...
#.....#..@{.....(
###'##########..$ #..##
#.# ##..## .. ##..# #.#
##.# .. ######.### ##.#
#.....>..# #..
#........########.########


There were no monsters in sight!

Vanquished Creatures
  Azrael (D:13)
  Snorg (Lair:4)
  Josephine (D:13)
  7 hydras
  2 centaur warriors
  A two-headed ogre (D:11)
  Urug (D:13)
  9 death yaks (Lair:2)
  Pikel (D:6)
  An ugly thing (D:13)
  4 cyclopes
  2 manticores
  14 elephants
  Maurice (D:8)
  A guardian serpent (shapeshifter) (D:13)
  A torpor snail (Lair:2)
  13 cane toads
  8 rime drakes
  4 komodo dragons
  A freezing wraith (D:13)
  3 trolls
  A meliai (Lair:5)
  5 hornets (Lair:5)
  9 slime creatures
  Prince Ribbit (D:6)
  3 polar bears (Lair:5)
  A dream sheep (Lair:5)
  12 blink frogs
  A spriggan (shapeshifter) (Lair:5)
  2 shadows
  13 spriggans (Lair:5)
  A wyvern (Lair:2)
  9 wraiths
  61 yaks
  A vampire (D:12)
  2 basilisks
  5 fire elementals (D:13)
  4 fire bats
  Grum (D:9)
  2 vampire mosquitoes (D:11)
  A steam dragon (D:8)
  Edmund (D:6)
  2 acid dragons
  A swamp worm (Lair:2)
  16 water moccasins
  7 black bears
  3 orc warriors
  An ice beast (D:6)
  An ogre (D:7)
  6 sky beasts
  41 wolves
  4 boggarts (Lair:5)
  10 centaurs
  A lemure (D:6)
  A phantom (D:6)
  5 kobold brigands
  2 gnoll sergeants (D:10)
  13 bullfrogs
  4 scorpions
  8 wights
  15 killer bees
  A howler monkey (D:8)
  2 electric eels
  A crimson imp (D:9)
  6 hounds
  7 jellies
  A gnoll bouda (D:7)
  4 orc priests
  2 iguanas
  9 orc wizards
  2 hell rats (Lair:1)
  13 gnolls
  9 river rats (Lair:1)
  7 adders
  A shadow imp (D:5)
  A white imp (D:6)
  An ufetubus (D:4)
  2 worms (D:2)
  2 dart slugs
  22 orcs
  7 endoplasms
  A giant cockroach (D:3)
  7 goblins
  9 hobgoblins
  2 jackals (D:4)
  32 kobolds
  4 quokkas
  5 ball pythons
  7 bats
  3 frilled lizards
  6 rats
  A butterfly (D:4)
531 creatures vanquished.

Vanquished Creatures (others)
  A hell hound (D:13)
  30 fungi
  35 plants
66 creatures vanquished.

Grand Total: 597 creatures vanquished

Notes
Turn   | Place    | Note
-------+----------+-------------------------------------------
     0 | D:1      | qw the Gargoyle Fighter began the quest for the Orb.
     0 | D:1      | Reached XP level 1. HP: 14/14 MP: 1/1
     0 | D:1      | 0 ||| qw: Version: 0.1-a-113-g051387a
     0 | D:1      | 0 ||| qw: Game counter: 7272
     0 | D:1      | 0 ||| qw: Always use a shield: true
     0 | D:1      | 0 ||| qw: God list: Okawaru
     0 | D:1      | 0 ||| qw: Allow faded altars: false
     0 | D:1      | 0 ||| qw: Do Orc after D:15 true
     0 | D:1      | 0 ||| qw: Do second Lair branch before Depths: true
     0 | D:1      | 0 ||| qw: Lair rune preference: random
     0 | D:1      | 0 ||| qw: Plans: Normal, Zot, God:TSO, Crypt, Tomb, Zig,
                  | Orb
     0 | D:1      | 0 ||| PLANNING D:1-11
    78 | D:1      | Reached skill level 2 in Axes
   225 | D:1      | Found a faded altar of an unknown god.
   271 | D:1      | Reached XP level 2. HP: 17/19 MP: 2/2
   436 | D:1      | 436 ||| Stepping ~*~*~tactically~*~*~ (hiding).
   437 | D:1      | 437 ||| Stepping ~*~*~tactically~*~*~ (hiding).
   675 | D:1      | Found Faecs's Magic Scroll Boutique.
   692 | D:1      | 692 ||| BUYING scroll of identify (26 gold).
   692 | D:1      | Bought a scroll of identify for 26 gold pieces
   692 | D:1      | 692 ||| BUYING scroll of identify (26 gold).
   692 | D:1      | Bought a scroll of identify for 26 gold pieces
   692 | D:1      | 692 ||| SHOPLISTING scroll of identify (26 gold, have 24).
   692 | D:1      | 692 ||| SHOPLISTING scroll of teleportation (39 gold, have
                  | 24).
   751 | D:1      | 751 ||| Stepping ~*~*~tactically~*~*~ (stealth).
  1047 | D:1      | Reached skill level 3 in Axes
  1124 | D:1      | 1124 ||| UPGRADING to +0 pair of boots.
  1129 | D:1      | 1129 ||| READING 2 scrolls labelled FERPHO COXZOTH.
  1134 | D:1      | 1134 ||| READING 2 scrolls labelled TICUTE CUCRISUTE.
  1135 | D:1      | 1135 ||| DRINKING 3 fuming grey potions.
  1136 | D:1      | 1136 ||| DROPPING scroll of fear.
  1169 | D:2      | 1169 ||| STAIRDANCE
  1195 | D:2      | Reached XP level 3. HP: 23/23 MP: 3/3
  1283 | D:2      | 1283 ||| Stepping ~*~*~tactically~*~*~ (stealth).
  1285 | D:2      | 1285 ||| STAIRDANCE
  1292 | D:1      | 1292 ||| UPGRADING to +2 pair of gloves.
  1297 | D:1      | 1297 ||| READING 4 scrolls of identify.
  1297 | D:1      | 1297 ||| IDENTIFYING fizzy yellow potion
  1298 | D:1      | 1298 ||| DROPPING potion of degeneration.
  1377 | D:2      | 1377 ||| Stepping ~*~*~tactically~*~*~ (stealth).
  1683 | D:2      | Reached skill level 1 in Throwing
  1731 | D:2      | 1731 ||| UPGRADING to +0 helmet.
  1736 | D:2      | 1736 ||| DROPPING ring of wizardry.
  1744 | D:3      | 1744 ||| STAIRDANCE
  1809 | D:2      | 1809 ||| DROPPING +0 club.
  1813 | D:3      | 1813 ||| STAIRDANCE
  1825 | D:2      | Reached XP level 4. HP: 9/28 MP: 4/4
  2220 | D:3      | 2220 ||| Stepping ~*~*~tactically~*~*~ (stealth).
  2301 | D:3      | Found Jakusy's Weapon Shoppe.
  2318 | D:3      | Reached skill level 4 in Axes
  2323 | D:3      | Found an iron altar of Okawaru.
  2324 | D:3      | 2324 ||| BUYING +0 flail (35 gold).
  2324 | D:3      | Bought a +0 flail for 35 gold pieces
  2324 | D:3      | 2324 ||| SHOPLISTING +6 broad axe of flaming (392 gold,
                  | have 71).
  2324 | D:3      | 2324 ||| DROPPING +0 whip.
  2343 | D:3      | Became a worshipper of Warmaster Okawaru
  2749 | D:3      | 2749 ||| UPGRADING to +0 chain mail.
  2759 | D:3      | 2759 ||| DROPPING +0 scale mail.
  2760 | D:3      | 2760 ||| READING scroll labelled SYMUUN LUKHLU.
  2761 | D:3      | 2761 ||| READING scroll labelled FYLEC SAOCRUNA.
  2762 | D:3      | 2762 ||| READING 6 scrolls of identify.
  2762 | D:3      | 2762 ||| IDENTIFYING purple potion
  2763 | D:3      | 2763 ||| DROPPING potion of flight.
  2769 | D:4      | Found a shimmering altar of Xom.
  2790 | D:4      | Found Ziup Igg's Book Emporium.
  2830 | D:4      | Found a staircase to the Ecumenical Temple.
  2841 | D:4      | 2841 ||| Stepping ~*~*~tactically~*~*~ (stealth).
  2846 | D:4      | Reached XP level 5. HP: 32/32 MP: 5/5
  3065 | D:4      | 3065 ||| Stepping ~*~*~tactically~*~*~ (stealth).
  3077 | D:4      | Reached skill level 5 in Axes
  3326 | D:4      | 3326 ||| UPGRADING to +0 shadow dragon scales.
  3336 | D:4      | 3336 ||| DROPPING +0 chain mail.
  3337 | D:4      | 3337 ||| READING 5 scrolls of identify.
  3337 | D:4      | 3337 ||| IDENTIFYING murky ruby potion
  3369 | D:5      | Entered Level 5 of the Dungeon
  3372 | D:5      | 3372 ||| STAIRDANCE
  3378 | D:4      | Reached XP level 6. HP: 38/38 MP: 6/6
  3380 | D:5      | 3380 ||| STAIRDANCE
  3393 | D:5      | Reached * piety under Okawaru
  3394 | D:5      | 3394 ||| STAIRDANCE
  3535 | D:5      | Noticed an orc warrior
  3536 | D:5      | 3536 ||| Stepping ~*~*~tactically~*~*~ (stealth).
  3537 | D:5      | 3537 ||| Stepping ~*~*~tactically~*~*~ (stealth).
  3538 | D:5      | 3538 ||| Stepping ~*~*~tactically~*~*~ (stealth).
  3540 | D:5      | 3540 ||| Stepping ~*~*~tactically~*~*~ (stealth).
  3541 | D:5      | 3541 ||| Stepping ~*~*~tactically~*~*~ (stealth).
  3543 | D:5      | 3543 ||| INVOKING Heroism.
  3552 | D:5      | 3552 ||| Stepping ~*~*~tactically~*~*~ (stealth).
  3606 | D:5      | 3606 ||| INVOKING Heroism.
  3613 | D:5      | Killed an orc warrior
  3614 | D:5      | Reached XP level 7. HP: 43/43 MP: 4/8
  3753 | D:5      | Reached skill level 6 in Axes
  3803 | D:5      | 3803 ||| INVOKING Heroism.
  3805 | D:5      | 3805 ||| Stepping ~*~*~tactically~*~*~ (stealth).
  3806 | D:5      | 3806 ||| Stepping ~*~*~tactically~*~*~ (stealth).
  3808 | D:5      | 3808 ||| Stepping ~*~*~tactically~*~*~ (stealth).
  3815 | D:5      | Reached skill level 3 in Invocations
  3998 | D:5      | 3998 ||| Stepping ~*~*~tactically~*~*~ (stealth).
  4069 | D:5      | Reached ** piety under Okawaru
  4242 | D:5      | 4242 ||| Stepping ~*~*~tactically~*~*~ (hiding).
  4243 | D:5      | 4243 ||| Stepping ~*~*~tactically~*~*~ (hiding).
  4244 | D:5      | 4244 ||| Stepping ~*~*~tactically~*~*~ (hiding).
  4245 | D:5      | 4245 ||| Stepping ~*~*~tactically~*~*~ (hiding).
  4249 | D:5      | Reached skill level 1 in Dodging
  4253 | D:5      | 4253 ||| Stepping ~*~*~tactically~*~*~ (stealth).
  4364 | D:5      | 4364 ||| FLEEEEING.
  4365 | D:5      | 4365 ||| DRINKING 4 potions of curing.
  4365 | D:5      | 4365 ||| (to cure confusion)
  4366 | D:5      | 4366 ||| Stepping ~*~*~tactically~*~*~ (hiding).
  4378 | D:5      | Reached XP level 8. HP: 47/48 MP: 11/11
  4472 | D:5      | 4472 ||| Stepping ~*~*~tactically~*~*~ (stealth).
  4474 | D:5      | 4474 ||| Stepping ~*~*~tactically~*~*~ (hiding).
  4480 | D:5      | 4480 ||| INVOKING Heroism.
  4786 | D:5      | Found a stormy altar of Qazlal.
  4794 | D:5      | 4794 ||| Stepping ~*~*~tactically~*~*~ (stealth).
  4797 | D:5      | 4797 ||| INVOKING Heroism.
  5188 | D:5      | 5188 ||| READING scroll labelled HUYGHOMOUH.
  5189 | D:5      | 5189 ||| READING scroll labelled GOXUIPREWN.
  5190 | D:5      | 5190 ||| DROPPING +0 flail.
  5191 | D:5      | 5191 ||| READING 5 scrolls of identify.
  5191 | D:5      | 5191 ||| IDENTIFYING coppery potion
  5192 | D:5      | 5192 ||| DROPPING potion of ambrosia.
  5214 | D:6      | 5214 ||| INVOKING Heroism.
  5242 | D:6      | Reached skill level 7 in Axes
  5273 | D:6      | You fall into a shaft and drop 3 floors!
  5331 | D:9      | 5331 ||| Stepping ~*~*~tactically~*~*~ (stealth).
  5333 | D:9      | Noticed a troll
  5334 | D:9      | 5334 ||| INVOKING Heroism.
  5349 | D:9      | 5349 ||| INVOKING Heroism.
  5363 | D:9      | Killed a troll
  5363 | D:9      | Reached *** piety under Okawaru
  5608 | D:9      | Noticed Grum
  5609 | D:9      | 5609 ||| Stepping ~*~*~tactically~*~*~ (hiding).
  5711 | D:9      | 5711 ||| Stepping ~*~*~tactically~*~*~ (hiding).
  5715 | D:9      | 5715 ||| INVOKING Heroism.
  5727 | D:9      | Reached skill level 8 in Axes
  5727 | D:9      | Reached XP level 9. HP: 32/54 MP: 10/12
  5739 | D:9      | 5739 ||| INVOKING Heroism.
  5747 | D:9      | HP: 13/54 [Grum/+1 spear (3)]
  5748 | D:9      | Reached skill level 6 in Fighting
  5748 | D:9      | HP: 5/55 [Grum/+1 spear (9)]
  5749 | D:9      | 5749 ||| READING 5 scrolls of teleportation.
  5750 | D:9      | HP: 2/55 [Grum/+1 spear (3)]
  6071 | D:9      | 6071 ||| Stepping ~*~*~tactically~*~*~ (stealth).
  6083 | D:9      | 6083 ||| INVOKING Heroism.
  6238 | D:9      | 6238 ||| Stepping ~*~*~tactically~*~*~ (stealth).
  6290 | D:9      | 6290 ||| UPGRADING to amulet of regeneration.
  6295 | D:9      | 6295 ||| READING scroll labelled GAG HUIRAM.
  6296 | D:9      | 6296 ||| READING scroll labelled PEUTHI IFRIK.
  6297 | D:9      | 6297 ||| READING scroll labelled DAILOC ONWUECAUDA.
  6297 | D:9      | Identified a scroll of acquirement
  6297 | D:9      | 6297 ||| ACQUIRING 432 gold pieces
  6297 | D:9      | Acquired 432 gold pieces
  6299 | D:9      | 6299 ||| READING 4 scrolls of identify.
  6299 | D:9      | 6299 ||| IDENTIFYING glowing yellow potion
  6323 | D:8      | Reached skill level 6 in Armour
  6389 | D:6      | Noticed Edmund
  6389 | D:6      | Noticed Prince Ribbit
  6390 | D:6      | 6390 ||| INVOKING Heroism.
  6394 | D:6      | Killed Prince Ribbit
  6394 | D:6      | Reached **** piety under Okawaru
  6407 | D:6      | Killed Edmund
  6408 | D:6      | Reached skill level 9 in Axes
  6421 | D:6      | 6421 ||| Stepping ~*~*~tactically~*~*~ (stealth).
  6490 | D:6      | 6490 ||| Stepping ~*~*~tactically~*~*~ (stealth).
  6490 | D:6      | Noticed Pikel
  6491 | D:6      | 6491 ||| Stepping ~*~*~tactically~*~*~ (stealth).
  6492 | D:6      | 6492 ||| INVOKING Heroism.
  6497 | D:6      | 6497 ||| Stepping ~*~*~tactically~*~*~ (stealth).
  6504 | D:6      | Killed Pikel
  6505 | D:6      | Reached skill level 6 in Invocations
  6505 | D:6      | Reached XP level 10. HP: 53/61 MP: 12/14
  6533 | D:6      | Received a gift from Okawaru
  6596 | D:6      | 6596 ||| Stepping ~*~*~tactically~*~*~ (stealth).
  6635 | D:6      | 6635 ||| Stepping ~*~*~tactically~*~*~ (stealth).
  6637 | D:6      | 6637 ||| Stepping ~*~*~tactically~*~*~ (stealth).
  6793 | D:6      | 6793 ||| INVOKING Heroism.
  6965 | D:6      | 6965 ||| READING scroll of enchant armour.
  6965 | D:6      | 6965 ||| ENCHANTING +0 helmet.
  6995 | D:6      | 6995 ||| UPGRADING to +0 cloak.
  7000 | D:6      | 7000 ||| READING 4 scrolls of identify.
  7000 | D:6      | 7000 ||| IDENTIFYING ruby potion
  7020 | D:7      | 7020 ||| INVOKING Heroism.
  7089 | D:7      | 7089 ||| INVOKING Heroism.
  7155 | D:7      | 7155 ||| Stepping ~*~*~tactically~*~*~ (stealth).
  7184 | D:7      | 7184 ||| Stepping ~*~*~tactically~*~*~ (stealth).
  7190 | D:7      | Reached ***** piety under Okawaru
  7216 | D:7      | 7216 ||| Stepping ~*~*~tactically~*~*~ (hiding).
  7218 | D:7      | 7218 ||| INVOKING Heroism.
  7274 | D:7      | 7274 ||| Stepping ~*~*~tactically~*~*~ (hiding).
  7376 | D:7      | 7376 ||| Stepping ~*~*~tactically~*~*~ (hiding).
  7478 | D:7      | 7478 ||| Stepping ~*~*~tactically~*~*~ (hiding).
  7903 | D:7      | 7903 ||| INVOKING Heroism.
  7908 | D:7      | Received a gift from Okawaru
  7980 | D:7      | 7980 ||| INVOKING Heroism.
  7993 | D:7      | 7993 ||| DROPPING amulet of faith.
  7994 | D:7      | 7994 ||| READING 3 scrolls of identify.
  7994 | D:7      | 7994 ||| IDENTIFYING green potion
  8073 | D:8      | Found a hide-covered altar of Uskayaw.
  8073 | D:8      | Found a broken altar of Ashenzari.
  8073 | D:8      | Found an ornate altar of the Wu Jian Council.
  8107 | D:8      | 8107 ||| INVOKING Heroism.
  8110 | D:8      | 8110 ||| Stepping ~*~*~tactically~*~*~ (cloud).
  8119 | D:8      | 8119 ||| Stepping ~*~*~tactically~*~*~ (cloud).
  8120 | D:8      | 8120 ||| Stepping ~*~*~tactically~*~*~ (cloud).
  8166 | D:8      | Found Famat's Assorted Antiques.
  8169 | D:8      | 8169 ||| BUYING potion of might (96 gold).
  8169 | D:8      | Bought a potion of might for 96 gold pieces
  8169 | D:8      | 8169 ||| BUYING scroll labelled MILO ROYWE (24 gold).
  8169 | D:8      | Bought a scroll labelled MILO ROYWE for 24 gold pieces
  8198 | D:8      | Noticed Maurice
  8212 | D:8      | Killed Maurice
  8292 | D:8      | Found a snail-covered altar of Cheibriados.
  8397 | D:8      | Reached skill level 10 in Axes
  8397 | D:8      | Reached skill level 9 in Invocations
  8413 | D:8      | 8413 ||| INVOKING Heroism.
  8828 | D:8      | 8828 ||| READING scroll labelled MILO ROYWE.
  8829 | D:8      | 8829 ||| READING scroll labelled GAEFAL TAEVOITZ.
  8987 | D:9      | Found a sacrificial altar of Ru.
  9197 | D:9      | 9197 ||| READING 2 scrolls of identify.
  9197 | D:9      | 9197 ||| IDENTIFYING fuming golden potion
  9198 | D:9      | 9198 ||| READING 5 scrolls of teleportation.
  9268 | D:9      | Found a radiant altar of Vehumet.
  9268 | D:9      | Found a burning altar of Makhleb.
  9380 | D:9      | 9380 ||| Stepping ~*~*~tactically~*~*~ (stealth).
  9382 | D:9      | 9382 ||| INVOKING Heroism.
  9383 | D:9      | 9383 ||| INVOKING Finesse.
  9390 | D:9      | Killed Grum
  9391 | D:9      | Reached XP level 11. HP: 64/67 MP: 9/17
  9447 | D:9      | 9447 ||| READING scroll labelled MUSINAS TEGER.
  9463 | D:10     | Entered Level 10 of the Dungeon
  9468 | D:10     | 9468 ||| INVOKING Heroism.
  9519 | D:10     | 9519 ||| Stepping ~*~*~tactically~*~*~ (stealth).
  9521 | D:10     | 9521 ||| Stepping ~*~*~tactically~*~*~ (stealth).
  9544 | D:10     | Found Seezxipp's Antique Armour Shop.
  9553 | D:10     | 9553 ||| BUYING pair of glowing boots (255 gold).
  9553 | D:10     | Bought a pair of glowing boots for 255 gold pieces
  9553 | D:10     | 9553 ||| SHOPLISTING runed plate armour (884 gold, have
                  | 481).
  9606 | D:10     | 9606 ||| SWAPPING to +0 broad axe.
  9717 | D:10     | 9717 ||| INVOKING Heroism.
  9768 | D:10     | 9768 ||| INVOKING Heroism.
  9986 | D:10     | 9986 ||| Stepping ~*~*~tactically~*~*~ (stealth).
  9987 | D:10     | 9987 ||| Stepping ~*~*~tactically~*~*~ (stealth).
  9994 | D:10     | Found a staircase to the Orcish Mines.
  9995 | D:10     | 9995 ||| INVOKING Heroism.
 10154 | D:10     | 10154 ||| Stepping ~*~*~tactically~*~*~ (stealth).
 10156 | D:10     | 10156 ||| Stepping ~*~*~tactically~*~*~ (stealth).
 10158 | D:10     | 10158 ||| Stepping ~*~*~tactically~*~*~ (stealth).
 10160 | D:10     | 10160 ||| Stepping ~*~*~tactically~*~*~ (stealth).
 10162 | D:10     | 10162 ||| Stepping ~*~*~tactically~*~*~ (stealth).
 10174 | D:10     | 10174 ||| INVOKING Heroism.
 10177 | D:10     | Identified the +1 cloak of Spite {rC+ Regen+ Str-5}
                  | (Okawaru gifted it to you on level 10 of the Dungeon)
 10177 | D:10     | Received a gift from Okawaru
 10201 | D:10     | 10201 ||| Stepping ~*~*~tactically~*~*~ (stealth).
 10203 | D:10     | 10203 ||| Stepping ~*~*~tactically~*~*~ (stealth).
 10205 | D:10     | 10205 ||| Stepping ~*~*~tactically~*~*~ (stealth).
 10220 | D:10     | Found a staircase to the Lair.
 10364 | D:10     | 10364 ||| PLANNING LAIR
 10364 | D:10     | 10364 ||| UPGRADING to +2 pair of boots.
 10374 | D:10     | 10374 ||| DROPPING +0 pair of boots.
 10375 | D:10     | 10375 ||| UPGRADING to +1 cloak of Spite {rC+ Regen+
                  | Str-5}.
 10385 | D:10     | 10385 ||| DROPPING +0 cloak.
 10386 | D:10     | 10386 ||| READING 2 scrolls of identify.
 10386 | D:10     | 10386 ||| IDENTIFYING dark potion
 10387 | D:10     | 10387 ||| DROPPING potion of brilliance.
 10430 | Lair:1   | Entered Level 1 of the Lair of Beasts
 10431 | Lair:1   | 10431 ||| INVOKING Heroism.
 10525 | Lair:1   | 10525 ||| INVOKING Heroism.
 10527 | Lair:1   | 10527 ||| Stepping ~*~*~tactically~*~*~ (stealth).
 10571 | Lair:1   | 10571 ||| Stepping ~*~*~tactically~*~*~ (stealth).
 10575 | Lair:1   | 10575 ||| INVOKING Heroism.
 10617 | Lair:1   | 10617 ||| Stepping ~*~*~tactically~*~*~ (stealth).
 10651 | Lair:1   | 10651 ||| INVOKING Heroism.
 10700 | Lair:1   | 10700 ||| READING scroll of enchant armour.
 10700 | Lair:1   | 10700 ||| ENCHANTING +1 helmet.
 10826 | Lair:1   | 10826 ||| INVOKING Heroism.
 10881 | Lair:1   | Reached skill level 11 in Axes
 10996 | Lair:1   | 10996 ||| INVOKING Heroism.
 11047 | Lair:1   | 11047 ||| Stepping ~*~*~tactically~*~*~ (stealth).
 11050 | Lair:1   | 11050 ||| Stepping ~*~*~tactically~*~*~ (stealth).
 11054 | Lair:1   | 11054 ||| Stepping ~*~*~tactically~*~*~ (stealth).
 11060 | Lair:1   | 11060 ||| INVOKING Heroism.
 11099 | Lair:1   | Reached skill level 9 in Armour
 11115 | Lair:1   | 11115 ||| INVOKING Heroism.
 11222 | Lair:1   | 11222 ||| Stepping ~*~*~tactically~*~*~ (stealth).
 11230 | Lair:1   | 11230 ||| INVOKING Heroism.
 11242 | Lair:1   | Reached XP level 12. HP: 75/75 MP: 17/19
 11251 | Lair:1   | Reached skill level 9 in Fighting
 11500 | Lair:1   | 11500 ||| DRINKING 2 blue potions.
 11500 | Lair:1   | Gained mutation: Your flesh is cold resistant. (rC+)
                  | [potion of mutation]
 11500 | Lair:1   | Gained mutation: You have a pair of small antennae on your
                  | head. [potion of mutation]
 11501 | Lair:1   | 11501 ||| DROPPING +2 helmet.
 11593 | Lair:2   | 11593 ||| Stepping ~*~*~tactically~*~*~ (hiding).
 11695 | Lair:2   | 11695 ||| Stepping ~*~*~tactically~*~*~ (hiding).
 11797 | Lair:2   | 11797 ||| Stepping ~*~*~tactically~*~*~ (hiding).
 11899 | Lair:2   | 11899 ||| Stepping ~*~*~tactically~*~*~ (hiding).
 11902 | Lair:2   | 11902 ||| Stepping ~*~*~tactically~*~*~ (hiding).
 11904 | Lair:2   | 11904 ||| INVOKING Heroism.
 11919 | Lair:2   | Found a staircase to the Swamp.
 11942 | Lair:2   | Received a gift from Okawaru
 11964 | Lair:2   | 11964 ||| Stepping ~*~*~tactically~*~*~ (stealth).
 12064 | Lair:2   | Noticed a five-headed hydra
 12065 | Lair:2   | 12065 ||| Stepping ~*~*~tactically~*~*~ (stealth).
 12066 | Lair:2   | 12066 ||| Stepping ~*~*~tactically~*~*~ (stealth).
 12077 | Lair:2   | 12077 ||| INVOKING Heroism.
 12078 | Lair:2   | 12078 ||| INVOKING Finesse.
 12080 | Lair:2   | 12080 ||| SWAPPING to +1 war axe of flaming.
 12090 | Lair:2   | Killed a one-headed hydra
 12091 | Lair:2   | 12091 ||| SWAPPING to +0 broad axe.
 12244 | Lair:2   | 12244 ||| Stepping ~*~*~tactically~*~*~ (stealth).
 12246 | Lair:2   | 12246 ||| Stepping ~*~*~tactically~*~*~ (stealth).
 12248 | Lair:2   | 12248 ||| Stepping ~*~*~tactically~*~*~ (stealth).
 12252 | Lair:2   | Reached skill level 3 in Throwing
 12262 | Lair:2   | Reached skill level 12 in Axes
 12271 | Lair:2   | Identified the +2 robe "Jublifu" {+Inv Will- rCorr SInv}
 12332 | Lair:2   | 12332 ||| Stepping ~*~*~tactically~*~*~ (hiding).
 12434 | Lair:2   | 12434 ||| Stepping ~*~*~tactically~*~*~ (hiding).
 12659 | Lair:2   | Found a runed translucent gate.
 12659 | Lair:2   | Found a runed translucent gate.
 12662 | Lair:2   | Found a runed translucent gate.
 12689 | Lair:2   | Noticed qw's ghost (journeyman TrCA)
 12692 | Lair:2   | Found a hole to the Spider Nest.
 13523 | Lair:2   | 13523 ||| DROPPING orb of guile.
 13552 | Lair:3   | Noticed a death yak
 13552 | Lair:3   | Noticed a death yak
 13552 | Lair:3   | Noticed a death yak
 13552 | Lair:3   | Noticed a five-headed hydra
 13553 | Lair:3   | 13553 ||| INVOKING Heroism.
 13554 | Lair:3   | 13554 ||| SWAPPING to +1 war axe of flaming.
 13555 | Lair:3   | 13555 ||| STAIRDANCE
 13555 | Lair:3   | Noticed a death yak
 13557 | Lair:2   | 13557 ||| INVOKING Finesse.
 13563 | Lair:2   | Killed a one-headed hydra
 13564 | Lair:2   | 13564 ||| SWAPPING to +0 broad axe.
 13571 | Lair:2   | Killed a death yak
 13572 | Lair:2   | Reached skill level 6 in Shields
 13585 | Lair:2   | Killed a death yak
 13648 | Lair:3   | Noticed a death yak
 13648 | Lair:3   | Noticed a death yak
 13649 | Lair:3   | Noticed a death yak
 13649 | Lair:3   | 13649 ||| STAIRDANCE
 13649 | Lair:3   | Noticed a death yak
 13651 | Lair:2   | 13651 ||| INVOKING Heroism.
 13652 | Lair:2   | 13652 ||| INVOKING Finesse.
 13663 | Lair:2   | Killed a death yak
 13738 | Lair:3   | 13738 ||| STAIRDANCE
 13740 | Lair:2   | 13740 ||| INVOKING Heroism.
 13741 | Lair:2   | 13741 ||| INVOKING Finesse.
 13762 | Lair:2   | Killed a death yak
 13831 | Lair:3   | Noticed a death yak
 13832 | Lair:3   | 13832 ||| STAIRDANCE
 13834 | Lair:2   | 13834 ||| INVOKING Heroism.
 13835 | Lair:2   | 13835 ||| INVOKING Finesse.
 13844 | Lair:2   | Killed a death yak
 13920 | Lair:3   | 13920 ||| STAIRDANCE
 13922 | Lair:2   | 13922 ||| INVOKING Heroism.
 13923 | Lair:2   | 13923 ||| INVOKING Finesse.
 13938 | Lair:2   | Killed a death yak
 13941 | Lair:2   | Killed a death yak
 13944 | Lair:2   | Killed a death yak
 13944 | Lair:2   | Received a gift from Okawaru
 14015 | Lair:3   | 14015 ||| STAIRDANCE
 14017 | Lair:2   | 14017 ||| INVOKING Heroism.
 14018 | Lair:2   | 14018 ||| INVOKING Finesse.
 14028 | Lair:2   | Killed a death yak
 14029 | Lair:2   | Reached skill level 13 in Axes
 14029 | Lair:2   | Reached XP level 13. HP: 82/82 MP: 13/20
 14111 | Lair:3   | 14111 ||| STAIRDANCE
 14204 | Lair:3   | Identified the +1 chain mail of Epno {rCorr} (Okawaru
                  | gifted it to you on level 3 of the Lair of Beasts)
 14204 | Lair:3   | Received a gift from Okawaru
 14219 | Lair:3   | 14219 ||| INVOKING Heroism.
 14321 | Lair:3   | 14321 ||| INVOKING Heroism.
 14378 | Lair:3   | 14378 ||| INVOKING Heroism.
 14471 | Lair:3   | 14471 ||| INVOKING Heroism.
 14548 | Lair:3   | 14548 ||| Stepping ~*~*~tactically~*~*~ (stealth).
 14871 | Lair:3   | 14871 ||| DROPPING +1 chain mail of Epno {rCorr}.
 14872 | Lair:3   | 14872 ||| DROPPING amulet of the acrobat.
 14927 | Lair:4   | 14927 ||| INVOKING Heroism.
 14928 | Lair:4   | 14928 ||| INVOKING Finesse.
 14933 | Lair:4   | 14933 ||| SWAPPING to +1 war axe of flaming.
 14939 | Lair:4   | Reached skill level 14 in Axes
 14939 | Lair:4   | 14939 ||| SWAPPING to +0 broad axe.
 15065 | Lair:4   | 15065 ||| INVOKING Heroism.
 15171 | Lair:4   | Noticed Snorg
 15172 | Lair:4   | 15172 ||| INVOKING Heroism.
 15173 | Lair:4   | 15173 ||| INVOKING Finesse.
 15193 | Lair:4   | Killed Snorg
 15193 | Lair:4   | Received a gift from Okawaru
 15256 | Lair:4   | 15256 ||| Stepping ~*~*~tactically~*~*~ (hiding).
 15343 | Lair:4   | 15343 ||| INVOKING Heroism.
 15371 | Lair:4   | Found a shimmering blue altar of Sif Muna.
 15432 | Lair:4   | 15432 ||| INVOKING Heroism.
 15523 | Lair:4   | 15523 ||| INVOKING Heroism.
 15524 | Lair:4   | 15524 ||| INVOKING Finesse.
 15532 | Lair:4   | 15532 ||| SWAPPING to +1 war axe of flaming.
 15540 | Lair:4   | Received a gift from Okawaru
 15541 | Lair:4   | 15541 ||| SWAPPING to +0 broad axe.
 15833 | Lair:4   | 15833 ||| DROPPING orb of wrath.
 15854 | Lair:5   | Entered Level 5 of the Lair of Beasts
 15857 | Lair:5   | 15857 ||| STAIRDANCE
 15870 | Lair:5   | 15870 ||| INVOKING Heroism.
 15872 | Lair:5   | 15872 ||| STAIRDANCE
 15886 | Lair:5   | 15886 ||| STAIRDANCE
 15893 | Lair:5   | 15893 ||| STAIRDANCE
 15914 | Lair:5   | 15914 ||| STAIRDANCE
 15930 | Lair:5   | 15930 ||| INVOKING Heroism.
 15944 | Lair:5   | Found a viscous altar of Jiyva.
 15945 | Lair:5   | Found a staircase to the Slime Pits.
 15947 | Lair:5   | 15947 ||| Stepping ~*~*~tactically~*~*~ (stealth).
 15991 | Lair:5   | 15991 ||| Stepping ~*~*~tactically~*~*~ (stealth).
 16038 | Lair:5   | 16038 ||| INVOKING Heroism.
 16039 | Lair:5   | 16039 ||| INVOKING Finesse.
 16045 | Lair:5   | 16045 ||| SWAPPING to +1 war axe of flaming.
 16047 | Lair:5   | 16047 ||| SWAPPING to +0 broad axe.
 16048 | Lair:5   | 16048 ||| Stepping ~*~*~tactically~*~*~ (stealth).
 16049 | Lair:5   | 16049 ||| SWAPPING to +1 war axe of flaming.
 16059 | Lair:5   | 16059 ||| SWAPPING to +0 broad axe.
 16061 | Lair:5   | 16061 ||| Stepping ~*~*~tactically~*~*~ (stealth).
 16180 | Lair:5   | 16180 ||| READING scroll of brand weapon.
 16180 | Lair:5   | 16180 ||| BRANDING +0 broad axe.
 16230 | Lair:5   | 16230 ||| Stepping ~*~*~tactically~*~*~ (stealth).
 16232 | Lair:5   | 16232 ||| Stepping ~*~*~tactically~*~*~ (stealth).
 16245 | Lair:5   | Gained mutation: Your large and strong wings let you fly.
                  | [Gargoyle growth]
 16245 | Lair:5   | Reached XP level 14. HP: 71/90 MP: 21/21
 16246 | Lair:5   | 16246 ||| INVOKING Heroism.
 16291 | Lair:5   | 16291 ||| Stepping ~*~*~tactically~*~*~ (stealth).
 16295 | Lair:5   | 16295 ||| INVOKING Heroism.
 16468 | Lair:5   | 16468 ||| Stepping ~*~*~tactically~*~*~ (stealth).
 16470 | Lair:5   | 16470 ||| Stepping ~*~*~tactically~*~*~ (stealth).
 16474 | Lair:5   | 16474 ||| Stepping ~*~*~tactically~*~*~ (stealth).
 16477 | Lair:5   | 16477 ||| INVOKING Heroism.
 16487 | Lair:5   | 16487 ||| Stepping ~*~*~tactically~*~*~ (stealth).
 16490 | Lair:5   | 16490 ||| Stepping ~*~*~tactically~*~*~ (stealth).
 16491 | Lair:5   | 16491 ||| Stepping ~*~*~tactically~*~*~ (stealth).
 16493 | Lair:5   | Identified the +3 buckler "Budisoul" {-Tele rElec rPois
                  | rF+++} (Okawaru gifted it to you on level 5 of the Lair of
                  | Beasts)
 16493 | Lair:5   | Received a gift from Okawaru
 16546 | Lair:5   | 16546 ||| Stepping ~*~*~tactically~*~*~ (hiding).
 16575 | Lair:5   | Reached skill level 6 in Throwing
 16586 | Lair:5   | 16586 ||| INVOKING Heroism.
 16624 | Lair:5   | 16624 ||| INVOKING Heroism.
 16643 | Lair:5   | 16643 ||| Stepping ~*~*~tactically~*~*~ (hiding).
 16707 | Lair:5   | 16707 ||| INVOKING Heroism.
 16730 | Lair:5   | 16730 ||| Stepping ~*~*~tactically~*~*~ (stealth).
 16740 | Lair:5   | Identified the +0 chain mail of Responsibility {Dex+5
                  | Stlth-}
 16767 | Lair:5   | 16767 ||| Stepping ~*~*~tactically~*~*~ (stealth).
 16775 | Lair:5   | 16775 ||| INVOKING Heroism.
 16776 | Lair:5   | 16776 ||| INVOKING Finesse.
 16845 | Lair:5   | Identified the ring "Wolousy" {Fire Str+3}
 16856 | Lair:5   | 16856 ||| INVOKING Heroism.
 16857 | Lair:5   | 16857 ||| INVOKING Finesse.
 16879 | Lair:5   | Reached skill level 15 in Axes
 16955 | Lair:5   | 16955 ||| INVOKING Heroism.
 16962 | Lair:5   | 16962 ||| SWAPPING to +1 war axe of flaming.
 16972 | Lair:5   | 16972 ||| SWAPPING to +0 broad axe of chaos.
 17004 | Lair:5   | 17004 ||| Stepping ~*~*~tactically~*~*~ (stealth).
 17006 | Lair:5   | 17006 ||| Stepping ~*~*~tactically~*~*~ (stealth).
 17013 | Lair:5   | 17013 ||| Stepping ~*~*~tactically~*~*~ (stealth).
 17144 | Lair:5   | 17144 ||| Stepping ~*~*~tactically~*~*~ (stealth).
 17146 | Lair:5   | 17146 ||| Stepping ~*~*~tactically~*~*~ (stealth).
 17148 | Lair:5   | 17148 ||| Stepping ~*~*~tactically~*~*~ (stealth).
 17155 | Lair:5   | 17155 ||| INVOKING Heroism.
 17160 | Lair:5   | 17160 ||| Stepping ~*~*~tactically~*~*~ (stealth).
 17161 | Lair:5   | 17161 ||| Stepping ~*~*~tactically~*~*~ (stealth).
 17169 | Lair:5   | Reached skill level 12 in Fighting
 17379 | Lair:5   | 17379 ||| Stepping ~*~*~tactically~*~*~ (stealth).
 17382 | Lair:5   | 17382 ||| INVOKING Heroism.
 17405 | Lair:5   | 17405 ||| PLANNING D:1-11
 17405 | Lair:5   | 17405 ||| UPGRADING to +2 buckler.
 17415 | Lair:5   | 17415 ||| DROPPING +0 buckler.
 17416 | Lair:5   | 17416 ||| DROPPING +0 chain mail of Responsibility {Dex+5
                  | Stlth-}.
 17417 | Lair:5   | 17417 ||| UPGRADING to ring of protection from fire.
 17418 | Lair:5   | 17418 ||| UPGRADING to ring "Wolousy" {Fire Str+3}.
 17419 | Lair:5   | 17419 ||| READING scroll labelled KOBYUR DOQEU.
 17611 | D:11     | 17611 ||| INVOKING Heroism.
 17728 | D:11     | 17728 ||| INVOKING Heroism.
 18113 | D:11     | 18113 ||| INVOKING Heroism.
 18354 | D:11     | 18354 ||| PLANNING D
 18726 | D:12     | Received a gift from Okawaru
 19081 | D:12     | 19081 ||| READING scroll labelled CAUHOKLASA.
 19136 | D:13     | Noticed Urug
 19137 | D:13     | 19137 ||| INVOKING Heroism.
 19138 | D:13     | 19138 ||| INVOKING Finesse.
 19146 | D:13     | Killed Urug
 19229 | D:13     | Noticed Osopim's ghost (journeyman MiBe)
 19230 | D:13     | Found a transporter.
 19231 | D:13     | Identified the +9 dire flail of Frustration {freeze, *Rage
                  | rC++ Dex+3 Stlth+}
 19231 | D:13     | Identified the +7 dire flail "Qiwu" {venom, Drain rPois rF+
                  | rC+}
 19242 | D:13     | 19242 ||| Stepping ~*~*~tactically~*~*~ (stealth).
 19244 | D:13     | 19244 ||| Stepping ~*~*~tactically~*~*~ (stealth).
 19246 | D:13     | 19246 ||| Stepping ~*~*~tactically~*~*~ (stealth).
 19272 | D:13     | 19272 ||| FLEEEEING.
 19274 | D:13     | 19274 ||| FLEEEEING.
 19276 | D:13     | 19276 ||| FLEEEEING.
 19357 | D:13     | 19357 ||| INVOKING Heroism.
 19398 | D:13     | 19398 ||| Stepping ~*~*~tactically~*~*~ (stealth).
 19399 | D:13     | 19399 ||| Stepping ~*~*~tactically~*~*~ (stealth).
 19401 | D:13     | 19401 ||| Stepping ~*~*~tactically~*~*~ (stealth).
 19410 | D:13     | Reached skill level 16 in Axes
 19415 | D:13     | 19415 ||| INVOKING Heroism.
 19416 | D:13     | 19416 ||| SWAPPING to +1 war axe of flaming.
 19422 | D:13     | 19422 ||| SWAPPING to +0 broad axe of chaos.
 19444 | D:13     | Found a gate to the Vaults.
 19498 | D:13     | 19498 ||| INVOKING Heroism.
 19499 | D:13     | 19499 ||| INVOKING Finesse.
 19505 | D:13     | 19505 ||| Stepping ~*~*~tactically~*~*~ (stealth).
 19509 | D:13     | Received a gift from Okawaru
 19549 | D:13     | 19549 ||| Stepping ~*~*~tactically~*~*~ (stealth).
 19554 | D:13     | 19554 ||| Stepping ~*~*~tactically~*~*~ (stealth).
 19556 | D:13     | 19556 ||| Stepping ~*~*~tactically~*~*~ (stealth).
 19563 | D:13     | 19563 ||| Stepping ~*~*~tactically~*~*~ (stealth).
 19586 | D:13     | 19586 ||| Stepping ~*~*~tactically~*~*~ (stealth).
 19587 | D:13     | 19587 ||| Stepping ~*~*~tactically~*~*~ (stealth).
 19587 | D:13     | Noticed Azrael
 19588 | D:13     | 19588 ||| INVOKING Heroism.
 19589 | D:13     | 19589 ||| INVOKING Finesse.
 19605 | D:13     | Killed Azrael
 19802 | D:13     | Reached XP level 15. HP: 87/96 MP: 22/22
 19824 | D:13     | Noticed Josephine
 19826 | D:13     | 19826 ||| INVOKING Heroism.
 19833 | D:13     | Killed Josephine
 19834 | D:13     | Reached skill level 3 in Dodging
 19858 | D:13     | 19858 ||| Stepping ~*~*~tactically~*~*~ (stealth).
 19870 | D:13     | 19870 ||| Stepping ~*~*~tactically~*~*~ (hiding).
 20193 | D:14     | 20193 ||| Stepping ~*~*~tactically~*~*~ (hiding).
 20295 | D:14     | 20295 ||| Stepping ~*~*~tactically~*~*~ (hiding).
 20296 | D:14     | 20296 ||| Stepping ~*~*~tactically~*~*~ (hiding).
 20374 | D:14     | 20374 ||| INVOKING Heroism.
 20387 | D:14     | Annihilated by a titanic slime creature

Levels and vault maps discovered:
D:1:      minmay_arrival_four_loops, layout_basic, serial_shops,
          nicolae_shop_stone, shapermc_ecumenical_altar_pompeii
D:2:      layout_loops_cross
D:3:      layout_basic, okawaru_metal_pillars_1_2, serial_shops,
          nicolae_shop_statue_plus, minivault_27
D:4:      layout_basic, xom_butterflies, minmay_temple_entry_junction,
          serial_shops, nicolae_shop_statue_plus, minmay_misc_feat_tower
D:5:      layout_layer_cave, mainiacjoe_overflow_six_doors_small, serial_rivers,
          chequers_serial_rivers_micro_a, chequers_serial_rivers_large_a,
          chequers_serial_rivers_small_b, chequers_serial_rivers_small_a,
          chequers_serial_rivers_micro_d, chequers_serial_rivers_small_a,
          minmay_a_box_with_orc_wizards_in_it
D:6:      layout_cave_pools, dreamdust_mushroom_princess, minmay_small_thing,
          uniq_edmund, uniq_prince_ribbit1, uniq_pikel
D:7:      layout_basic, enter_bailey_4, minmay_misc_feat_more_columns
D:8:      layout_basic, gammafunk_temple_overflow_claw, kennysheep_little_box,
          serial_shops, nicolae_shop_behind_doors, kennysheep_cross_bottleneck,
          uniq_maurice
D:9:      layout_loops_ring, grunt_temple_overflow_lords_of_destruction,
          hangedman_ru_absence, uniq_grum
D:10:     layout_long_grid, lair_entry_dummy, minmay_orc_entry_temple_small,
          serial_shops, shop, kennysheep_flooded_box
D:11:     layout_irregular_city
D:12:     layout_irregular_city, grunt_ministairs_9
D:13:     layout_basic, david_vaults_4, gammafunk_ghost_smash, uniq_urug,
          uniq_azrael, uniq_josephine
D:14:     layout_roguey, minmay_dual_archer_statues
Lair:1:   layout_gridlike, lightli_volcano_entry_magma_tube, kennysheep_rathole
Lair:2:   layout_layer_cave, minmay_swamp_entry_worms,
          spider_nest_entry_web_field, gammafunk_ghost_icy
Lair:3:   layout_big_grid, grunt_megastairs_1, serial_bayou_shore_a
Lair:4:   layout_gridlike, basic_altar, uniq_snorg
Lair:5:   minmay_lair_end_enchanted_forest, layout_regular_city,
          minmay_slime_entry_pillars, lemuel_fruit_tree

Skill      XL: |  1  2  3  4  5  6  7  8  9 10 11 12 13 14 15 |
---------------+----------------------------------------------+-----
Axes           | 2 3 4 5 6 8 9 10 11 13 14 16 | 16.0
Throwing       | 1 2 3 4 6 |  6.0
Fighting       | 4 5 6 7 8 10 11 12 | 12.0
Invocations    | 2 4 6 9 10 | 10.0
Armour         | 4 5 6 7 9 11 | 11.8
Dodging        | 1 2 3 |  3.1
Shields        | 4 5 6 7 8 |  8.0

Action                   |  1- 3 |  4- 6 |  7- 9 | 10-12 | 13-15 || total
-------------------------+-------+-------+-------+-------+-------++-------
Melee: War axe           |    88 |   111 |   236 |   298 |    33 ||   766
       Broad axe         |       |       |       |   559 |  1078 ||  1637
Throw: Javelin           |     7 |    23 |    10 |    27 |    84 ||   151
       Boomerang         |       |       |       |       |    20 ||    20
Invok: Heroism           |       |     2 |    11 |    31 |    34 ||    78
       Finesse           |       |       |       |     8 |     9 ||    17
  Use: Scroll            |     3 |     4 |     8 |    10 |     3 ||    28
       Potion            |     1 |       |     1 |     1 |       ||     3
 Stab: Sleeping          |       |       |       |     3 |     1 ||     4
       Distracted        |       |       |       |     1 |       ||     1
       Confused          |       |       |       |       |     6 ||     6
       Paralysed         |       |       |       |       |     3 ||     3
Armor: Scale mail        |    50 |    42 |       |       |       ||    92
       Chain mail        |       |    33 |       |       |       ||    33
       Shadow dragon sca |       |    18 |   173 |   612 |   623 ||  1426
Dodge: Dodged            |    35 |    61 |   107 |   319 |   331 ||   853
Block: Buckler           |    13 |    26 |    54 |   188 |   239 ||   520

Table legend:
 A = Non-vault XP
 B = Vault XP
 C = Vault XP percentage of total XP
 D = Non-vault monster count
 E = Vault monster count
 F = Vault count percentage of total count
                 A         B        C        D         E       F
            +---------+---------+-------+---------+---------+-------
      Total |   69634 |   21005 |  23.2 |     417 |     113 |  21.3
            +---------+---------+-------+---------+---------+-------
        D:1 |      34 |       0 |   0.0 |      20 |       0 |   0.0
        D:2 |      79 |       0 |   0.0 |      17 |       0 |   0.0
        D:3 |      46 |       0 |   0.0 |      19 |       0 |   0.0
        D:4 |     238 |       0 |   0.0 |      15 |       0 |   0.0
        D:5 |     831 |     141 |  14.5 |      20 |       4 |  16.7
        D:6 |    1375 |    1517 |  52.5 |      35 |       5 |  12.5
        D:7 |    1781 |      12 |   0.7 |      31 |       5 |  13.9
        D:8 |    1076 |     485 |  31.1 |      12 |       1 |   7.7
        D:9 |    1007 |     709 |  41.3 |      11 |       6 |  35.3
       D:10 |    2808 |     233 |   7.7 |      26 |       9 |  25.7
       D:11 |    3276 |       0 |   0.0 |      20 |       0 |   0.0
       D:12 |    2899 |     198 |   6.4 |       9 |       1 |  10.0
       D:13 |    4949 |    6875 |  58.1 |      14 |      17 |  54.8
       D:14 |    1104 |       0 |   0.0 |       2 |       0 |   0.0
     Lair:1 |    7144 |     187 |   2.6 |      36 |      11 |  23.4
     Lair:2 |   12871 |     536 |   4.0 |      27 |       2 |   6.9
     Lair:3 |    9493 |     338 |   3.4 |      38 |       1 |   2.6
     Lair:4 |    7639 |    1220 |  13.8 |      24 |       2 |   7.7
     Lair:5 |   10984 |    8554 |  43.8 |      41 |      49 |  54.4
            +---------+---------+-------+---------+---------+-------
